 Dungeon Crawl Stone Soup version 0.22-a0-301-gf0fe05c (webtiles) character file.

13817 Amnesiac the Prestidigitator (level 11, -14/97 HPs)
             Began as a Demigod Wizard on Mar 26, 2018.
             Hit by a large rock thrown by a stone giant (28 damage)
             ... on level 2 of the Orcish Mines.
             The game lasted 00:37:17 (17044 turns).

Amnesiac the Prestidigitator (Demigod Wizard)      Turns: 17044, Time: 00:37:17

Health: -14/97     AC: 11    Str: 10    XL:     11   Next: 51%
Magic:  18/21      EV: 17    Int: 26    God:
Gold:   1345       SH:  0    Dex: 14    Spells: 1/18 levels left

rFire    + . .     SeeInvis .   a - +2 dagger (venom)
rCold    + . .     Gourm    .   (no shield)
rNeg     . . .     Faith    .   q - +2 leather armour {rC+}
rPois    .         Spirit   .   C - +0 hat
rElec    .         Reflect  .   r - +1 cloak {MR+}
rCorr    +         Harm     .   n - +0 pair of gloves
MR       ++...                  l - +0 pair of boots
Stlth    ++........             (no amulet)
HPRegen  0.26/turn              m - ring of protection from fire
MPRegen  0.17/turn              c - ring of resist corrosion

@: no status effects
A: icy blue scales 1, blurry vision 1, dopey 1, high mp 1
a: no special abilities


You were on level 2 of the Orcish Mines.
You were not hungry.

You visited 3 branches of the dungeon, and saw 13 of its levels.
You also visited: Ossuary.

You collected 1345 gold pieces.

Inventory:

Hand Weapons
 a - a +2 dagger of venom (weapon)
 b - a +0 blowgun
Missiles
 f - 12 curare-tipped needles
 t - 4 throwing nets (quivered)
Armour
 l - a +0 pair of boots (worn)
 n - a +0 pair of gloves (worn)
 q - a +2 leather armour of cold resistance (worn)
 r - a +1 cloak of magic resistance (worn)
 C - a +0 hat (worn)
Magical Staves
 F - an uncursed staff of earth
Jewellery
 c - a ring of resist corrosion (right hand)
 j - an uncursed ring of fire
 m - a ring of protection from fire (left hand)
Wands
 p - a wand of random effects (56)
 y - a wand of flame (59)
 z - a wand of scattershot (1)
 D - a wand of polymorph (12)
 E - a wand of digging (28)
Scrolls
 h - 11 scrolls of remove curse {!r}
 I - a scroll of teleportation {!r}
Potions
 e - 2 potions of lignification {!q}
 g - 13 potions of curing {!q}
 k - a potion of brilliance {!q}
 o - 5 potions of might {!q}
 s - 2 potions of invisibility {!q}
 u - 3 potions of heal wounds {!q}
 v - 2 potions of haste {!q}
 w - a potion of ambrosia {!q}
 x - a potion of resistance {!q}
 A - 4 potions of agility {!q}
 H - a potion of berserk rage {!q}
Miscellaneous
 i - a crystal ball of energy
Comestibles
 d - 13 rations
 B - 6 chunks of flesh


   Skills:
 + Level 9.3 Fighting
 + Level 9.3 Dodging
 - Level 1.7 Stealth
 - Level 4.0 Spellcasting
 - Level 4.0 Conjurations
 - Level 3.0 Charms
 - Level 0.8 Summonings
 - Level 4.0 Necromancy
 - Level 0.8 Translocations
 + Level 9.3 Evocations


You had one spell level left.
You knew the following spells:

 Your Spells              Type           Power        Failure   Level  Hunger
a - Magic Dart            Conj           ####         2%          1    None
b - Call Imp              Summ           #.......     12%         2    None
d - Vampiric Draining     Necr           ####......   7%          3    ##.....
e - Mephitic Cloud        Conj/Pois/Air  ##......     21%         3    ##.....
r - Regeneration          Chrm/Necr      ###.......   9%          3    ##.....
s - Conjure Flame         Conj/Fire      ###.....     16%         3    ##.....
v - Blink                 Tloc           N/A          12%         2    None


Dungeon Overview and Level Annotations

Branches:
Dungeon (10/15)            Temple (1/1) D:4             Orc (2/2) D:10
    Elf (0/3) Orc:2
   Lair: D:8-11


Innate Abilities, Weirdness & Mutations

You have an increased reservoir of magic. (+10% MP)
You are partially covered in icy blue scales. (AC +2)
Scrolls take you a little longer to read.
You are dopey. (Int -2)


Message History

Things that are here:
a hand axe; a flail; an orc corpse You butcher the orc corpse.
B - 12 chunks of flesh (gained 2)
Things that are here:
a hand axe; a flail You start resting.
Magic restored.
You start resting.
You start resting.
Some of the chunks of flesh in your inventory have rotted away.
HP restored.
You start resting.
A stone giant comes into view.
A stone giant is nearby!
A stone giant is nearby!
A stone giant is nearby!
Evoke which item? (* to show all) (? for menu, Esc to quit)
Okay, then.
The stone giant shouts!
The stone giant throws a large rock.
The large rock closely misses you.
You see here a large rock.
The stone giant throws a large rock.
The large rock closely misses you.
You start resting.
An ogre comes into view. It is wielding a giant club.
Casting: Mephitic Cloud (safe; 21% risk of failure)
Confirm with . or Enter, or press ? or * to list all spells.
Aiming: Magic Dart (safe; 2% risk of failure)
Press: ? - help, Shift-Dir - straight line, f - ogre
Aim: an ogre, wielding a giant club (hasn't noticed you)
The magic dart hits the ogre.
The ogre is lightly wounded.
The ogre shouts!
Casting: Magic Dart (safe; 2% risk of failure)
Confirm with . or Enter, or press ? or * to list all spells.
Aiming: Magic Dart (safe; 2% risk of failure)
Press: ? - help, Shift-Dir - straight line, f/p - ogre
Aim: an ogre, wielding a giant club (lightly wounded)
The magic dart hits the ogre.
The ogre is heavily wounded.
You hit the stone giant but do no damage.
The stone giant is poisoned.
The stone giant misses you.
Casting: Magic Dart (safe; 2% risk of failure)
Confirm with . or Enter, or press ? or * to list all spells.
Aiming: Magic Dart (safe; 2% risk of failure)
Press: ? - help, Shift-Dir - straight line, f/p - ogre
Aim: an ogre, wielding a giant club (moderately wounded)
The magic dart hits the stone giant.
The stone giant is lightly wounded.
The stone giant hits you.
Casting: Magic Dart (safe; 2% risk of failure)
Confirm with . or Enter, or press ? or * to list all spells.
Aiming: Magic Dart (safe; 2% risk of failure)
Press: ? - help, Shift-Dir - straight line, f/p - ogre
Aim: an ogre, wielding a giant club (moderately wounded)
The magic dart hits the stone giant.
The stone giant hits you!!
You hit the stone giant but do no damage.
The stone giant hits you!!
* * * LOW HITPOINT WARNING * * *
You hit the stone giant but do no damage.
The stone giant looks even sicker.
The stone giant hits you!!
* * * LOW HITPOINT WARNING * * *
The stone giant throws a large rock.
The large rock hits you!!
You die...

#............#.>.#
##...[.......##.##
#........)..##...##
##....)).....#....#
##.)............##
##...........#.###
#..........#.###
##..#.)#.##CO.#
##.#..)..@....###
#............##.##
##...##......(...#
#...#....##.##.##
##.#.........###
#...........##
##.....#....#
##..........##
#...#....#...#


You could see a stone giant and an ogre.

Vanquished Creatures
  Josephine (D:10)
  4 two-headed ogres
  Pikel (D:6)
  2 ugly things (D:10)
  Joseph (D:9)
  A troll (D:8)
  2 hippogriffs
  Sigmund (D:2)
  3 wraiths (D:10)
  A hungry ghost (D:3)
  Grum (D:9)
  9 yaks
  Menkaure (D:7)
  2 water moccasins
  Duvessa (D:6)
  13 orc warriors
  3 ice beasts
  2 black bears
  3 phantoms
  A sky beast (D:9)
  3 slaves (D:6)
  9 ogres
  2 centaurs
  A tengu (D:10)
  4 wolves (D:9)
  2 big kobolds (D:9)
  6 bullfrogs
  A scorpion (D:6)
  A water moccasin skeleton (D:5)
  Dowan (D:6)
  4 killer bees (D:7)
  4 electric eels
  6 howler monkeys
  2 crimson imps
  A bullfrog zombie (D:7)
  12 orc priests
  2 centaur skeletons
  3 jellies
  Crazy Yiuf (D:6)
  6 hounds
  8 orc wizards
  2 bullfrog skeletons
  Jessica (D:3)
  2 iguanas
  Natasha (thrice) (D:4)
  5 worker ants
  A big kobold zombie (Ossuary)
  8 mummies (Ossuary)
  A howler monkey zombie (D:7)
  9 adders
  2 shadow imps
  2 oozes
  An adder zombie (D:9)
  3 worms
  3 dart slugs
  5 leopard geckos
  40 orcs
  A ball python (D:3)
  4 giant cockroaches
  3 gnoll zombies (Ossuary)
  7 goblins
  8 hobgoblins
  6 jackals
  5 quokkas
  8 bats
  6 frilled lizards
  A giant cockroach zombie (D:5)
  3 hobgoblin zombies (Ossuary)
  A jackal skeleton (D:5)
  16 kobolds
  2 leopard gecko skeletons
  An orc zombie (Ossuary)
  A quokka zombie (D:5)
  3 rats
296 creatures vanquished.

Vanquished Creatures (collateral kills)
  A slave (D:5)
  An orc priest (D:7)
  A worm (D:1)
  A bat (D:3)
4 creatures vanquished.

Grand Total: 300 creatures vanquished

Notes
Turn   | Place    | Note
-------+----------+-------------------------------------------
     0 | D:1      | Amnesiac the Demigod Wizard began the quest for the Orb.
     0 | D:1      | Reached XP level 1. HP: 14/14 MP: 6/6
    22 | D:1      | Reached skill level 1 in Conjurations
   193 | D:1      | Reached XP level 2. HP: 22/22 MP: 2/8
   197 | D:1      | Learned a level 2 spell: Call Imp
   326 | D:1      | You fall through a shaft!
   691 | D:1      | Reached skill level 1 in Fighting
   974 | D:2      | Reached XP level 3. HP: 28/28 MP: 0/10
   979 | D:2      | Learned a level 3 spell: Mephitic Cloud
  1837 | D:2      | Noticed Sigmund
  1876 | D:2      | Killed Sigmund
  1876 | D:2      | Reached XP level 4. HP: 30/36 MP: 0/12
  1876 | D:2      | Reached XP level 5. HP: 34/41 MP: 0/13
  2298 | D:3      | You fall through a shaft for 3 floors!
  2309 | D:6      | Found a runed door.
  2550 | D:5      | Entered Level 5 of the Dungeon
  2626 | D:5      | Reached XP level 6. HP: 38/48 MP: 0/15
  2773 | D:5      | Found a burning altar of Makhleb.
  2773 | D:5      | Noticed a water moccasin
  2780 | D:5      | Learned a level 3 spell: Conjure Flame
  2785 | D:5      | Killed a water moccasin
  3202 | D:4      | Noticed Natasha
  3209 | D:4      | Killed Natasha
  3222 | D:4      | Found a sand-covered staircase.
  3227 | Ossuary  | Entered an ossuary
  3523 | Ossuary  | Reached XP level 7. HP: 56/56 MP: 6/16
  4038 | D:4      | Found a staircase to the Ecumenical Temple.
  4067 | D:4      | Noticed Natasha
  4073 | D:4      | Killed Natasha
  4110 | D:3      | Noticed a hungry ghost
  4186 | D:3      | Killed a hungry ghost
  4433 | D:3      | Noticed Jessica
  4435 | D:3      | Killed Jessica
  4436 | D:3      | Found a faded altar of an unknown god.
  4933 | D:4      | Noticed Natasha
  4937 | D:4      | Killed Natasha
  5080 | D:4      | Found a blossoming altar of Fedhas.
  5081 | D:4      | Found a deep blue altar of Sif Muna.
  5106 | Temple   | Entered the Ecumenical Temple
  5232 | D:5      | Learned a level 2 spell: Blink
  5239 | D:5      | Gained mutation: You are dopey. (Int -2) [potion of mutation]
  5239 | D:5      | Gained mutation: Scrolls take you a little longer to read. [potion of mutation]
  5239 | D:5      | Gained mutation: You have a somewhat thin skeletal structure. (Dex +2, Stealth) [potion of mutation]
  5240 | D:5      | Lost mutation: Scrolls take you a little longer to read. [potion of mutation]
  5240 | D:5      | Lost mutation: You are dopey. (Int -2) [potion of mutation]
  5240 | D:5      | Lost mutation: You have a somewhat thin skeletal structure. (Dex +2, Stealth) [potion of mutation]
  5240 | D:5      | Gained mutation: Scrolls take you a little longer to read. [potion of mutation]
  5240 | D:5      | Gained mutation: You are dopey. (Int -2) [potion of mutation]
  5240 | D:5      | Gained mutation: You are partially covered in icy blue scales. (AC +2) [potion of mutation]
  5317 | D:5      | Found a basalt altar of Yredelemnul.
  5790 | D:5      | Reached XP level 8. HP: 53/66 MP: 6/17
  6334 | D:6      | Noticed Pikel
  6343 | D:6      | Killed Pikel
  6343 | D:6      | Reached skill level 5 in Fighting
  6343 | D:6      | Reached skill level 5 in Dodging
  6343 | D:6      | Reached skill level 5 in Evocations
  6789 | D:6      | Noticed Duvessa
  6793 | D:6      | Noticed Dowan
  6861 | D:6      | Killed Dowan
  6946 | D:6      | Killed Duvessa
  7304 | D:6      | Noticed Crazy Yiuf
  7315 | D:6      | Killed Crazy Yiuf
  7362 | D:7      | Found a white marble altar of Elyvilon.
  7701 | D:7      | Noticed Menkaure
  7741 | D:7      | Reached XP level 9. HP: 55/75 MP: 1/18
  7939 | D:7      | Killed Menkaure
  9384 | D:8      | HP: 3/78 [poisoned by an orc wizard]
  9390 | D:8      | HP: 2/78 [poisoned by an orc wizard]
  9398 | D:8      | HP: 2/78 [poisoned by an orc wizard]
  9840 | D:8      | Found a sacrificial altar of Ru.
 10452 | D:9      | Learned a level 3 spell: Vampiric Draining
 10553 | D:9      | Reached skill level 1 in Necromancy
 10607 | D:9      | Reached XP level 10. HP: 52/86 MP: 0/19
 10619 | D:9      | Learned a level 3 spell: Regeneration
 10771 | D:9      | Reached skill level 1 in Charms
 10843 | D:9      | Noticed Joseph
 10905 | D:9      | Noticed Grum
 11228 | D:9      | Found an iron altar of Okawaru.
 11355 | D:9      | Killed Grum
 11708 | D:9      | Killed Joseph
 12315 | D:10     | Entered Level 10 of the Dungeon
 12918 | D:10     | Noticed a red ugly thing
 13297 | D:10     | Killed a white ugly thing
 13557 | D:10     | Noticed a two-headed ogre
 13591 | D:10     | Killed a two-headed ogre
 13661 | D:10     | Noticed a purple ugly thing
 13713 | D:10     | Killed a purple ugly thing
 13765 | D:10     | Found a staircase to the Orcish Mines.
 13815 | D:10     | Noticed a two-headed ogre
 13823 | D:10     | Killed a two-headed ogre
 13823 | D:10     | Reached XP level 11. HP: 79/95 MP: 7/21
 13942 | D:10     | Noticed Josephine
 13966 | D:10     | Killed Josephine
 14234 | D:10     | Noticed Sonja
 14239 | D:10     | Noticed Sonja
 14239 | D:10     | Sonja changed into Sonja the tengu
 14250 | D:10     | Killed Sonja the tengu
 14643 | D:10     | Found a roughly hewn altar of Beogh.
 14721 | D:10     | Noticed a two-headed ogre
 14732 | D:10     | Killed a two-headed ogre
 14903 | Orc:1    | Entered Level 1 of the Orcish Mines
 15210 | Orc:2    | Entered Level 2 of the Orcish Mines
 15213 | Orc:2    | Found a staircase to the Elven Halls.
 15430 | Orc:2    | Noticed an orc warlord
 15481 | D:10     | Noticed a storm dragon
 15481 | D:10     | an orc warlord changed into a storm dragon
 16263 | Orc:2    | Noticed a two-headed ogre
 16425 | Orc:1    | Killed a two-headed ogre
 16873 | Orc:2    | Noticed a two-headed ogre
 16999 | Orc:2    | Noticed a stone giant
 17044 | Orc:2    | Hit by a large rock thrown by a stone giant

Vault maps used:
D:1:      saegor_arrival_under_anarchy, serial_glass, glass_columns_a,
          glass_columns_a
D:2:      first_ration, uniq_sigmund
D:3:      serial_bayou, serial_bayou_pond_c, serial_bayou_pond_d,
          serial_bayou_shore_a, serial_bayou_lagoon_a, serial_bayou_lake_a,
          chequers_ecumenical_altar_simple, eino_tiny_chamber,
          minmay_statues_item, uniq_jessica
D:4:      minitemple, minmay_temple_entry_glass, enter_ossuary_5, uniq_natasha
D:5:      nicolae_overflow_crystal_walls, nicolae_overflow_hidden_temple
D:6:      minivault_4, uniq_crazy_yiuf_cottage, uniq_pikel, uniq_duvessa
D:7:      black_bear_nest_2, grunt_ogre_cave, elyvilon_altar_4, uniq_menkaure
D:8:      nicolae_ru_path_of_blood
D:9:      okawaru_metal_pillars_1_2, uniq_grum, uniq_joseph
D:10:     minmay_orc_entry_temple_small, chequers_big_river, uniq_josephine,
          uniq_sonja
Temple:   dpeg_five_rooms_temple
Orc:1:    nicolae_orc_lost_temple
Orc:2:    st_orc_ogre_mass, uniq_saint_roka
Ossuary:  ossuary_tomb_3

Skill      XL: |  1  2  3  4  5  6  7  8  9 10 11 |
---------------+----------------------------------+-----
Conjurations   | 1 2 3 4 |  4.0
Fighting       | 1 2 4 5 7 8 9 |  9.3
Spellcasting   | 3 4 |  4.0
Dodging        | 2 4 5 7 8 9 |  9.3
Evocations     | 2 4 5 7 8 9 |  9.3
Necromancy     | 3 4 |  4.0
Charms         | 3 |  3.0
Stealth        | |  1.7
Summonings     | |  0.8
Translocations | |  0.8

Action                   |  1- 3 |  4- 6 |  7- 9 | 10-12 || total
-------------------------+-------+-------+-------+-------++-------
Melee: Unarmed           |    24 |    10 |    57 |       ||    91
       Staff             |       |       |     5 |    63 ||    68
       Dagger            |       |       |       |   294 ||   294
 Cast: Magic Dart        |   125 |   129 |   497 |   273 ||  1024
       Call Imp          |     4 |       |    13 |     2 ||    19
       Mephitic Cloud    |     1 |     1 |    16 |    38 ||    56
       Conjure Flame     |       |     1 |    22 |    10 ||    33
       Vampiric Draining |       |       |     2 |     3 ||     5
       Blink             |       |       |     1 |    12 ||    13
Evoke: Wand              |       |       |    21 |    22 ||    43
  Use: Scroll            |     3 |       |    13 |     5 ||    21
       Potion            |     2 |       |     6 |     1 ||     9
 Stab: Confused          |     2 |       |     4 |    13 ||    19
       Distracted        |       |       |     1 |       ||     1
  Eat: Chunk             |     3 |     5 |    17 |    20 ||    45
       Ration            |       |       |     2 |     1 ||     3
Armor: Robe              |    18 |     1 |    31 |       ||    50
       Skin              |     4 |       |       |     3 ||     7
       Leather armour    |       |       |    56 |   150 ||   206
Dodge: Dodged            |    34 |    18 |   254 |   464 ||   770

Table legend:
 A = Spawn XP
 B = Non-spawn XP
 C = Spawn XP percentage of total XP
 D = Spawn monster count
 E = Non-spawn monster count
 F = Spawn count percentage of total count
 G = Total turns spent on level
                    A         B        C        D         E        F      G
               +---------+---------+-------+---------+---------+-------+---------
         Total |       0 |   19739 |   0.0 |       0 |     296 |   0.0 | 17044
               +---------+---------+-------+---------+---------+-------+---------
           D:1 |       0 |      54 |   0.0 |       0 |      22 |   0.0 |  1137
           D:2 |       0 |     267 |   0.0 |       0 |      27 |   0.0 |  1079
           D:3 |       0 |     252 |   0.0 |       0 |      16 |   0.0 |   895
           D:4 |       0 |     233 |   0.0 |       0 |      14 |   0.0 |  1136
           D:5 |       0 |     910 |   0.0 |       0 |      31 |   0.0 |  1448
           D:6 |       0 |     990 |   0.0 |       0 |       9 |   0.0 |  1418
           D:7 |       0 |    1680 |   0.0 |       0 |      30 |   0.0 |  1856
           D:8 |       0 |    1150 |   0.0 |       0 |      13 |   0.0 |  1577
           D:9 |       0 |    3897 |   0.0 |       0 |      42 |   0.0 |  1836
          D:10 |       0 |    7454 |   0.0 |       0 |      39 |   0.0 |  2328
         Orc:1 |       0 |    1533 |   0.0 |       0 |      13 |   0.0 |  1022
         Orc:2 |       0 |    1142 |   0.0 |       0 |      24 |   0.0 |   651
       Ossuary |       0 |     177 |   0.0 |       0 |      16 |   0.0 |   659
               +---------+---------+-------+---------+---------+-------+---------
